 Dungeon Crawl Stone Soup version 0.22.0 (webtiles) character file.

101 Esekla the Sneak (level 4, -1/32 HPs)
             Began as a Vampire Enchanter on Aug 10, 2018.
             Was an Initiate of Vehumet.
             Killed by divine providence
             ... invoked by an orc priest
              (11 damage)
             ... on level 4 of the Dungeon.
             The game lasted 00:17:12 (2272 turns).

Esekla the Sneak (Vampire Enchanter)                Turns: 2272, Time: 00:17:13

Health: -1/32      AC:  0    Str:  7    XL:     4   Next: 48%
Magic:  7/7        EV: 21    Int: 17    God:    Vehumet [......]
Gold:   78         SH:  0    Dex: 20    Spells: 3/7 levels left

rFire    . . .     SeeInvis +   (weapon currently unavailable)
rCold    + . .     Gourm    .   (shield currently unavailable)
rNeg     + + .     Faith    .   (armour currently unavailable)
rPois    +         Spirit   .   (helmet currently unavailable)
rElec    .         Reflect  .   (cloak currently unavailable)
rCorr    .         Harm     .   (gloves currently unavailable)
MR       .....                  (boots currently unavailable)
Stlth    +++++.....             (no amulet)
HPRegen  0.05/turn              (ring currently unavailable)
MPRegen  0.10/turn              (ring currently unavailable)

@: bat-form, flying, regenerating slowly, very quick
A: tiny, fangs 3, see invisible
a: End Transformation, Renounce Religion


You were on level 4 of the Dungeon.
You worshipped Vehumet.
Vehumet was noncommittal.
You were thirsty.
You were in vampire-bat-form.
You visited 1 branch of the dungeon, and saw 4 of its levels.

You collected 78 gold pieces.

Inventory:

Hand Weapons
 a - a +1 dagger (melded)
Missiles
 g - 30 stones (quivered)
Armour
 b - a +0 robe (melded)
Jewellery
 j - a +5 ring of intelligence (melded)
Scrolls
 k - a scroll of fear
 l - a scroll of remove curse
Potions
 c - 3 potions of curing {unknown}
 d - 11 potions of blood
 e - a potion of berserk rage {unknown}
 f - 2 potions of agility {unknown}
 h - 3 potions of heal wounds {unknown}
 i - a potion of brilliance {unknown}


   Skills:
 * Level 1.4 Fighting
 * Level 3.2 Short Blades
 * Level 3.1 Dodging
 + Level 5.1 Stealth
 - Level 2.0 Spellcasting
 - Level 4.4 Hexes


You had 3 spell levels left.
You knew the following spells:

 Your Spells              Type           Power        Failure   Level  Hunger
a - Corona                Hex            ###....      3%          1    #......
b - Confuse               Hex            ###.....     10%         3    ###....

Your spell library contained the following spells:

 Spells                   Type           Power        Failure   Level  Hunger
 Tukima's Dance           Hex            ###.....     10%         3    ###....
 Ensorcelled Hibernation  Hex/Ice        #.....       12%         2    ###....
 Dazzling Spray           Conj/Hex       #.....       24%         3    ###....


Dungeon Overview and Level Annotations

Branches:
Dungeon (4/15)
 Temple: D:4-7

Altars:
Makhleb
Nemelex Xobeh
Vehumet

Annotations:
D:3 Grinder, Natasha


Innate Abilities, Weirdness & Mutations

You heal slowly.
You have razor-sharp teeth.
You have supernaturally acute eyesight. (SInv)
((You can survive without breathing.))


Message History

An adder comes into view.
There is a stone staircase leading up here.
You start resting.
Magic restored.
You start resting.
You are feeling thirsty.
Okay, then.
You start resting.
An orc priest comes into view. It is wielding a hand axe of chopping.
The orc priest shouts!
There is a stone staircase leading up here.
An orc comes into view.
The orc priest calls down the wrath of Beogh upon you.
Beogh smites you!
The adder hisses angrily.
An orc comes into view. It is wielding a club.
The orc shouts!
The orc priest calls down the wrath of Beogh upon you.
Beogh smites you!
You die...

#############
#.....#...%.##
.............##
..............#
.......b......#
........S.....#
..............#
.....o........#
..o....o.....##
#.....#....<##
#.###########
..


You could see an orc priest, an adder and 2 orcs.

Vanquished Creatures
  Terence (D:2)
  An adder (D:2)
  2 oozes
  A dart slug (D:1)
  6 bats
  16 giant cockroaches
  4 goblins
  5 hobgoblins (D:1)
  2 jackals
  5 kobolds
  A quokka (D:2)
  A ball python (D:2)
  2 frilled lizards (D:1)
  5 rats
52 creatures vanquished.

Notes
Turn   | Place    | Note
-------+----------+-------------------------------------------
     0 | D:1      | Esekla the Vampire Enchanter began the quest for the Orb.
     0 | D:1      | Reached XP level 1. HP: 13/13 MP: 3/3
   228 | D:2      | Reached XP level 2. HP: 20/20 MP: 3/5
   295 | D:2      | Noticed Terence
   561 | D:1      | Reached skill level 1 in Fighting
   579 | D:1      | Reached XP level 3. HP: 20/26 MP: 4/6
   598 | D:1      | Learned a level 3 spell: Confuse
   706 | D:1      | Found a sparkling altar of Nemelex Xobeh.
  1194 | D:3      | Noticed Grinder
  1200 | D:3      | Paralysed by Grinder for 7 turns
  1544 | D:2      | Killed Terence
  1544 | D:2      | Reached skill level 5 in Stealth
  1544 | D:2      | Reached XP level 4. HP: 13/32 MP: 4/7
  1938 | D:2      | Found a radiant altar of Vehumet.
  1938 | D:2      | Found a burning altar of Makhleb.
  1958 | D:2      | Became a worshipper of Vehumet
  2072 | D:3      | Noticed an ice beast
  2095 | D:3      | Noticed Natasha
  2272 | D:4      | Killed from afar by an orc priest

Skill      XL: |  1  2  3 |
---------------+----------+-----
Fighting       | 1 |  1.4
Short Blades   | 2 3 |  3.2
Dodging        | 3 |  3.1
Stealth        | 5 |  5.1
Spellcasting   | |  2.0
Hexes          | |  4.4

Action                   |  1- 3 |  4- 6 || total
-------------------------+-------+-------++-------
Melee: Dagger            |   166 |    49 ||   215
       Bite              |    13 |     5 ||    18
Throw: Stone             |     2 |       ||     2
 Cast: Corona            |    15 |     5 ||    20
       Confuse           |     6 |       ||     6
 Abil: Bat Form          |       |     1 ||     1
  Use: Scroll            |       |     5 ||     5
       Potion            |       |     3 ||     3
 Stab: Sleeping          |     6 |     3 ||     9
       Confused          |     2 |       ||     2
Armor: Robe              |    29 |    10 ||    39
Dodge: Dodged            |   120 |    32 ||   152
